 Dungeon Crawl Stone Soup version 0.31-a0-219-g8d62b2e7bb (webtiles) character file.

Game seed: 6072042269308821846

1635 qw the Skirmisher (level 8, -29/50 HPs)
             Began as a Gargoyle Hexslinger on July 3, 2023.
             Annihilated by an ogre
             ... wielding a +0 giant club
              (30 damage)
             ... on level 6 of the Dungeon.
             The game lasted 00:02:08 (4600 turns).

qw the Skirmisher (Gargoyle Hexslinger)             Turns: 4600, Time: 00:02:08

Health: -29/50     AC: 15    Str: 13    XL:     8   Next: 98%
Magic:  9/9        EV: 11    Int: 13    God:
Gold:   59         SH:  0    Dex: 14    Spells: 8/9 levels left

rFire   . . .        Y - +2 hand crossbow (flame)
rCold   + . .        (no shield)
rNeg    + . .        g - +1 ring mail {rPois}
rPois   inf          (no helmet)
rElec   +            (no cloak)
rCorr   .            o - +0 pair of gloves
SInv    .            p - +1 pair of boots
Will    .....        c - amulet of the acrobat
Stlth   +            f - ring of protection from cold
HPRegen 0.28/turn    (no ring)
MPRegen 0.11/turn

%: acrobat
@: about to teleport
A: sickness immunity, AC +5, negative energy resistance 1, electricity
resistance, torment resistance 1, petrification resistance, mutation resistance
1
a: no special abilities


You were on level 6 of the Dungeon.
You visited 2 branches of the dungeon, and saw 7 of its levels.
You also visited: Sewer.

You collected 419 gold pieces.
You spent 360 gold pieces at shops.


Innate Abilities, Weirdness & Mutations

You are immune to sickness and miasma.
Your stone body is resilient. (AC +5)
You are immune to poison.
You resist negative energy. (rN+)
You are resistant to electric shocks. (rElec)
You are resistant to unholy torment.
You are immune to petrification.
You are somewhat resistant to further mutation.


   Skills:
 + Level 5.6 Fighting
 - Level 9.2 Ranged Weapons
 - Level 2.3 Armour
 - Level 3.0 Dodging
 - Level 1.0 Spellcasting
 - Level 2.6 Hexes


You had 8 spell levels left.
You knew the following spells:

 Your Spells              Type           Power      Damage    Failure   Level
a - Slow                  Hex            28%        N/A       21%         1

Your spell library contained the following spells:

 Spells                   Type           Power      Damage    Failure   Level
 Inner Flame              Hex/Fire       4%         N/A       71%         3
 Portal Projectile        Hex/Tloc       8%         N/A       71%         3
 Cause Fear               Hex            3%         N/A       89%         4

Inventory:

Hand Weapons
 Y - a +2 hand crossbow of flaming (weapon)
Armour
 g - a +1 ring mail of poison resistance (worn)
 o - a +0 pair of gloves (worn)
 p - a +1 pair of boots (worn)
Jewellery
 c - an amulet of the acrobat (around neck)
 f - a ring of protection from cold (left hand)
Wands
 q - a wand of digging (2)
Scrolls
 a - 2 scrolls of teleportation
 d - 2 scrolls of identify
Potions
 e - a potion of might
 h - a potion of brilliance {unknown}
 i - a potion of enlightenment
 j - 3 potions of curing
 k - a potion of degeneration {unknown}
 l - a potion of mutation
 m - a potion of cancellation {unknown}

Dungeon Overview and Level Annotations

Branches:
Dungeon (6/15)             Temple (1/1) D:5           Sewer (visited)

Altars:
Ashenzari
Cheibriados
Dithmenos
Fedhas
Gozag
Hepliaklqana
Kikubaaqudgha
Makhleb
Nemelex Xobeh
Qazlal
Ru
Sif Muna
Trog
Uskayaw
Wu Jian
Yredelemnul
Zin
The Shining One

Shops:
D:5 =


Message History

You shoot a bolt. The bolt hits the gnoll!!
The bolt burns the gnoll!
You kill the gnoll!
The gnoll bouda gazes fiercely through you!
You feel your attacks grow feeble.
You shoot a bolt. The bolt hits the gnoll!!
The bolt burns the gnoll.
You kill the gnoll!
You shoot a bolt. The bolt barely misses the gnoll bouda.
Your attacks no longer feel as feeble.
The gnoll bouda prays to its god.
The gnoll bouda is healed somewhat.
You shoot a bolt. The bolt hits the gnoll.
The bolt burns the gnoll.
The gnoll is heavily wounded.
The gnoll barely misses you.
You shoot a bolt. The bolt barely misses the gnoll.
The gnoll barely misses you. The gnoll hits you but does no damage.
You shoot a bolt. The bolt hits the gnoll!!
The bolt burns the gnoll.
You kill the gnoll!
The ogre closely misses you.
The gnoll bouda hits you with a +0 club.
You shoot a bolt. The bolt barely misses the gnoll bouda.
The gnoll bouda completely misses you. The ogre closely misses you.
You shoot a bolt. The bolt hits the gnoll bouda!
The bolt burns the gnoll bouda.
You kill the gnoll bouda!
The ogre closely misses you.
You shoot a bolt. The bolt hits the ogre!
The bolt burns the ogre.
The ogre is heavily wounded.
The ogre hits you with a +0 giant club!
You shoot a bolt. The bolt barely misses the ogre.
The ogre barely misses you.
You shoot a bolt. The bolt barely misses the ogre.
The ogre hits you with a +0 giant club!!
You shoot a bolt. The bolt hits the ogre.
The bolt burns the ogre.
The ogre is heavily wounded.
The ogre hits you with a +0 giant club!!
4600 ||| READING 3 scrolls of teleportation.
As you read the scroll of teleportation, it crumbles to dust.
You feel strangely unstable.
The ogre hits you with a +0 giant club!!
Ouch! That really hurt!
You die...

#.#..........#....
#.#..........#....
#.#..........#####
#.#......%....# #
#.#....#......# #
#.#....#......## #
#......#.......# #
#......#.....#.###
#@)....#.....#)...
#O)....#.#...##...
)).....#.#...#8...
..)...##########...
..)....# #...
........# ....
.........# .....
..........# ......
#8###8#


You could see an ogre.

Vanquished Creatures
  Eustachio (D:6)
  A black bear (D:6)
  A centaur (D:4)
  A phantom (D:4)
  2 bullfrogs (Sewer)
  2 scorpions
  A howler monkey (D:6)
  3 hounds
  4 orc priests
  A jelly (D:6)
  Ijyb (D:5)
  2 gnoll boudas
  A sleepcap (D:4)
  7 iguanas
  4 orc wizards
  12 gnolls
  10 adders
  3 river rats (Sewer)
  3 worms
  3 dart slugs
  12 orcs
  4 bats (D:2)
  5 endoplasms
  4 giant cockroaches
  6 goblins
  11 hobgoblins
  3 jackals (D:3)
  2 quokkas
  18 ball pythons
  2 frilled lizards
  6 kobolds
  25 rats
161 creatures vanquished.

Notes
Turn   | Place    | Note
-------+----------+-------------------------------------------
     0 | D:1      | qw the Gargoyle Hexslinger began the quest for the Orb.
     0 | D:1      | Reached XP level 1. HP: 12/12 MP: 2/2
     0 | D:1      | 0 ||| qw: Version: 0.3-a-40-ge99b1a8
     0 | D:1      | 0 ||| qw: Game counter: 399
     0 | D:1      | 0 ||| qw: Melee chars always use a shield: true
     0 | D:1      | 0 ||| qw: God list: Okawaru
     0 | D:1      | 0 ||| qw: Allow faded altars: false
     0 | D:1      | 0 ||| qw: Do Orc after clearing Dungeon:15 true
     0 | D:1      | 0 ||| qw: Do second Lair branch before Depths: true
     0 | D:1      | 0 ||| qw: Lair rune preference: random
     0 | D:1      | 0 ||| qw: Goals: Normal
     0 | D:1      | 0 ||| PLANNING D:1-11
   402 | D:1      | Reached XP level 2. HP: 16/16 MP: 3/3
   554 | D:1      | 554 ||| UPGRADING to +0 leather armour.
   564 | D:1      | 564 ||| DROPPING +0 robe.
   565 | D:1      | 565 ||| READING 2 scrolls labelled SYSU XYUFICS.
   570 | D:1      | 570 ||| READING scroll labelled MIUCVYD YFIU.
   571 | D:1      | 571 ||| READING scroll labelled NIESAE ZIXTEINT.
   572 | D:1      | 572 ||| READING scroll labelled ZURAEKL NISOCO.
   573 | D:1      | 573 ||| DROPPING scroll of poison.
   593 | D:2      | Reached skill level 3 in Ranged Weapons
   705 | D:2      | Reached XP level 3. HP: 20/21 MP: 4/4
   725 | D:2      | 725 ||| SWAPPING to +1 hand crossbow of flaming.
   726 | D:2      | 726 ||| DROPPING +1 heavy sling.
   779 | D:2      | 779 ||| FLEEEEING.
   780 | D:2      | 780 ||| FLEEEEING.
   956 | D:2      | Found a glowing silver altar of Zin.
  1124 | D:2      | Reached XP level 4. HP: 26/26 MP: 5/5
  1130 | D:2      | Reached skill level 4 in Ranged Weapons
  1262 | D:2      | 1262 ||| UPGRADING to +0 ring mail.
  1272 | D:2      | 1272 ||| DROPPING +0 leather armour.
  1273 | D:2      | 1273 ||| UPGRADING to +0 pair of boots.
  1278 | D:2      | 1278 ||| DROPPING amulet of magic regeneration.
  1279 | D:2      | 1279 ||| READING scroll labelled DARREF WAOCU.
  1280 | D:2      | 1280 ||| READING scroll labelled CUIMOY EBETEIL.
  1381 | D:2      | 1381 ||| READING scroll labelled ROMNAX ZIBIUWK.
  1382 | D:2      | 1382 ||| READING scroll labelled PURUTZ BITORROAJA.
  1383 | D:2      | 1383 ||| READING scroll labelled TEABIL NUODU.
  1384 | D:2      | 1384 ||| DRINKING 2 fuming puce potions.
  1411 | D:3      | 1411 ||| PLANNING SEWER
  1509 | D:3      | Reached skill level 1 in Armour
  1510 | D:3      | 1510 ||| READING scroll labelled HUQA FYDE WUDGH.
  1517 | D:3      | Reached XP level 5. HP: 30/30 MP: 6/6
  1676 | D:3      | Found an ornate altar of the Wu Jian Council.
  1676 | D:3      | Found a bloodstained altar of Trog.
  1677 | D:3      | Found an opulent altar of Gozag.
  1888 | D:3      | Found a glowing drain.
  1892 | D:3      | 1892 ||| UPGRADING to +1 ring mail of poison resistance.
  1902 | D:3      | 1902 ||| DROPPING +0 ring mail.
  1904 | D:3      | 1904 ||| READING scroll labelled UNASKUUR BUUD.
  1912 | D:3      | Reached skill level 5 in Ranged Weapons
  1938 | Sewer    | Entered a sewer
  2039 | Sewer    | Reached skill level 3 in Fighting
  2080 | Sewer    | 2080 ||| Stepping ~*~*~tactically~*~*~ (water).
  2088 | Sewer    | Reached XP level 6. HP: 34/37 MP: 7/7
  2165 | Sewer    | Reached skill level 6 in Ranged Weapons
  2204 | Sewer    | 2204 ||| READING scroll of enchant armour.
  2204 | Sewer    | 2204 ||| ENCHANTING +0 pair of boots.
  2211 | Sewer    | 2211 ||| DRINKING 2 silvery potions.
  2211 | Sewer    | Gained mutation: You are somewhat resistant to further
                  | mutation. [potion of mutation]
  2215 | D:3      | 2215 ||| PLANNING D:1-11
  2606 | D:4      | 2606 ||| Stepping ~*~*~tactically~*~*~ (outnumbered).
  2611 | D:4      | 2611 ||| Stepping ~*~*~tactically~*~*~ (outnumbered).
  2624 | D:4      | Reached XP level 7. HP: 27/44 MP: 8/8
  3001 | D:4      | Reached skill level 7 in Ranged Weapons
  3311 | D:4      | Reached XP level 8. HP: 48/48 MP: 9/9
  3415 | D:4      | 3415 ||| UPGRADING to +0 pair of gloves.
  3420 | D:4      | 3420 ||| READING scroll labelled ROFELI HIDYSM.
  3421 | D:4      | 3421 ||| DRINKING 2 sedimented ruby potions.
  3422 | D:4      | 3422 ||| READING 5 scrolls of identify.
  3422 | D:4      | 3422 ||| IDENTIFYING inky potion
  3423 | D:4      | 3423 ||| READING 4 scrolls of identify.
  3423 | D:4      | 3423 ||| IDENTIFYING emerald potion
  3424 | D:4      | 3424 ||| READING 3 scrolls of identify.
  3424 | D:4      | 3424 ||| IDENTIFYING orange potion
  3425 | D:4      | 3425 ||| READING 2 scrolls of identify.
  3425 | D:4      | 3425 ||| IDENTIFYING fuming emerald potion
  3426 | D:4      | 3426 ||| DROPPING potion of ambrosia.
  3427 | D:4      | 3427 ||| DROPPING potion of magic.
  3428 | D:4      | 3428 ||| DROPPING potion of attraction.
  3468 | D:5      | Entered Level 5 of the Dungeon
  3501 | D:5      | Reached skill level 8 in Ranged Weapons
  3610 | D:5      | Found a staircase to the Ecumenical Temple.
  3611 | D:5      | 3611 ||| PLANNING TEMPLE
  3611 | D:5      | 3611 ||| READING scroll labelled GIFOKAHEON.
  3620 | Temple   | Entered the Ecumenical Temple
  3688 | Temple   | 3688 ||| PLANNING D:1-11
  3722 | D:5      | Found a burning altar of Makhleb.
  3733 | D:5      | Noticed Ijyb
  3738 | D:5      | Killed Ijyb
  3810 | D:5      | Found Zutuk's Jewellery Emporium.
  3823 | D:5      | 3823 ||| SHOPLISTING +5 ring of evasion (432 gold, have
                  | 360).
  3823 | D:5      | 3823 ||| SHOPLISTING amulet "Rowataf" {Drain rElec rC-
                  | Regen+ Str+5} (502 gold, have 360).
  3823 | D:5      | 3823 ||| BUYING amulet of the acrobat (360 gold).
  3823 | D:5      | Bought an amulet of the acrobat for 360 gold pieces
  3823 | D:5      | 3823 ||| SHOPLISTING ring of fire (300 gold, have 0).
  3823 | D:5      | 3823 ||| SHOPLISTING ring of protection from cold (300
                  | gold, have 0).
  3823 | D:5      | 3823 ||| SHOPLISTING ring of willpower (300 gold, have 0).
  3988 | D:5      | 3988 ||| UPGRADING to amulet of the acrobat.
  3993 | D:5      | 3993 ||| UPGRADING to ring of protection from cold.
  3994 | D:5      | 3994 ||| DRINKING 2 metallic inky potions.
  4096 | D:6      | 4096 ||| FLEEEEING.
  4097 | D:6      | 4097 ||| FLEEEEING.
  4098 | D:6      | 4098 ||| FLEEEEING.
  4100 | D:6      | 4100 ||| FLEEEEING.
  4101 | D:6      | 4101 ||| FLEEEEING.
  4102 | D:6      | 4102 ||| FLEEEEING.
  4103 | D:6      | 4103 ||| FLEEEEING.
  4104 | D:6      | 4104 ||| FLEEEEING.
  4105 | D:6      | 4105 ||| FLEEEEING.
  4106 | D:6      | 4106 ||| FLEEEEING.
  4107 | D:6      | 4107 ||| FLEEEEING.
  4108 | D:6      | 4108 ||| FLEEEEING.
  4109 | D:6      | 4109 ||| FLEEEEING.
  4110 | D:6      | 4110 ||| FLEEEEING.
  4111 | D:6      | 4111 ||| FLEEEEING.
  4112 | D:6      | 4112 ||| FLEEEEING.
  4115 | D:6      | 4115 ||| FLEEEEING.
  4116 | D:6      | 4116 ||| FLEEEEING.
  4117 | D:6      | 4117 ||| FLEEEEING.
  4118 | D:6      | 4118 ||| FLEEEEING.
  4438 | D:6      | Noticed Eustachio
  4446 | D:6      | Reached skill level 9 in Ranged Weapons
  4454 | D:6      | HP: 12/49 [white imp/puff of frost[Eustachio] (3)]
  4455 | D:6      | 4455 ||| READING 3 scrolls of teleportation.
  4456 | D:6      | 4456 ||| DRINKING potion of heal wounds.
  4522 | D:6      | Killed Eustachio
  4523 | D:6      | Reached skill level 3 in Dodging
  4599 | D:6      | HP: 1/50 [ogre/+0 giant club (22)]
  4600 | D:6      | 4600 ||| READING 3 scrolls of teleportation.
  4600 | D:6      | Annihilated by an ogre

Levels and vault maps discovered:
D:1:      saegor_arrival_simple_d, layout_basic, minmay_pentomino_z2
D:2:      layout_loops_ring, basic_altar, guppyfry_early_orc_mine
D:3:      layout_rooms, grunt_temple_overflow_open, cheibrodos_sewer_entry_bend,
          chequers_big_river
D:4:      minmay_razor_zed, layout_loops_ring
D:5:      layout_rooms, mainiacjoe_overflow_tiny_flanked,
          minmay_temple_entry_antechambers, serial_shops, shop, uniq_ijyb
D:6:      layout_basic, serial_corexii_hall, corexii_hall_statues_s,
          chequers_hall_statues_wall_a, uniq_eustachio
Temple:   nicolae_temple_great_sept

Skill      XL: |  1  2  3  4  5  6  7  8 |
---------------+-------------------------+-----
Ranged Weapons | 3 4 5 6 7 9 |  9.2
Fighting       | 2 3 4 5 |  5.6
Armour         | 1 2 |  2.3
Dodging        | 3 |  3.0
Spellcasting   | |  1.0
Hexes          | |  2.6

Action                     |  1- 3 |  4- 6 |  7- 9 || total
---------------------------+-------+-------+-------++-------
   Fire: Sling             |    59 |       |       ||    59
         Hand crossbow     |    29 |   156 |   164 ||   349
    Use: Scroll            |     4 |     8 |     8 ||    20
         Potion            |       |     2 |     3 ||     5
 Armour: Robe              |     6 |       |       ||     6
         Leather armour    |    19 |     3 |       ||    22
         Ring mail         |       |    42 |    61 ||   103
  Dodge: Dodged            |    41 |    59 |    82 ||   182

Table legend:
 A = Non-vault XP
 B = Vault XP
 C = Vault XP percentage of total XP
 D = Non-vault monster count
 E = Vault monster count
 F = Vault count percentage of total count
                 A         B        C        D         E       F
            +---------+---------+-------+---------+---------+-------
      Total |    1621 |     716 |  30.6 |     100 |      61 |  37.9
            +---------+---------+-------+---------+---------+-------
        D:1 |      13 |       3 |  18.8 |       9 |       2 |  18.2
        D:2 |      79 |      17 |  17.7 |      20 |       7 |  25.9
        D:3 |     111 |       9 |   7.5 |      16 |       2 |  11.1
        D:4 |     544 |     164 |  23.2 |      27 |      10 |  27.0
        D:5 |     217 |      39 |  15.2 |       6 |       1 |  14.3
        D:6 |     657 |     197 |  23.1 |      22 |       1 |   4.3
      Sewer |       0 |     287 | 100.0 |       0 |      38 | 100.0
            +---------+---------+-------+---------+---------+-------
